 Dungeon Crawl Stone Soup version 0.21.1-1-g345015f (webtiles) character file.

364 Fang the Chopper (level 6, 0/39 HPs)
             Began as a Gargoyle Berserker on June 8, 2018.
             Was a Believer of Trog.
             Killed from afar by an orc wizard (7 damage)
             ... with a magic dart
             ... on level 3 of the Dungeon on June 10, 2018.
             The game lasted 00:04:22 (2521 turns).

Fang the Chopper (Gargoyle Berserker)               Turns: 2521, Time: 00:04:23

Health: 0/39       AC:  6    Str: 22    XL:     6   Next: 67%
Magic:  6/6        EV: 12    Int:  8    God:    Trog [**....]
Gold:   69         SH:  0    Dex:  9    Spells: 5/5 levels left

rFire    . . .     SeeInvis .   a - +0 hand axe
rCold    . . .     Gourm    .   (no shield)
rNeg     + . .     Faith    .   b - +0 animal skin
rPois    ∞         Spirit   .   (no helmet)
rElec    +         Reflect  .   (no cloak)
rCorr    .         Harm     .   (no gloves)
MR       .....                  (no boots)
Stlth    +.........             (no amulet)
HPRegen  0.13/turn              (no ring)
MPRegen  0.10/turn              (no ring)

@: no status effects
A: negative energy resistance 1, electricity resistance, unbreathing,
petrification resistance, rot immunity, AC +4
a: Berserk, Trog's Hand, Burn Spellbooks, Renounce Religion


You were on level 3 of the Dungeon.
You worshipped Trog.
Trog was pleased with you.
You were not hungry.

You visited 1 branch of the dungeon, and saw 3 of its levels.

You collected 69 gold pieces.

Inventory:

Hand Weapons
 a - a +0 hand axe (weapon)
Armour
 b - a +0 animal skin (worn)
Jewellery
 g - an uncursed ring of flight {unknown}
 i - a cursed ring of teleportation {unknown}
Scrolls
 d - 3 scrolls of remove curse {unknown}
 e - 4 scrolls of identify {unknown}
 j - a scroll of teleportation {unknown}
 k - 2 scrolls of fear {unknown}
Potions
 f - a potion of lignification {unknown}
 h - 2 potions of curing {unknown}
Comestibles
 c - 3 rations
 l - 2 chunks of flesh


   Skills:
 + Level 4.6 Fighting
 + Level 5.3 Axes
 + Level 2.3 Armour
 + Level 2.7 Dodging
 + Level 0.4 Stealth


You had 5 spell levels left.
You didn't know any spells.

Dungeon Overview and Level Annotations

Branches:
Dungeon (3/15)

Altars:


Innate Abilities, Weirdness & Mutations

You are resistant to torment.
Your stone body is resilient. (AC +4)
You are immune to poison.
You resist negative energy. (rN+)
You are resistant to electric shocks. (rElec)
You can survive without breathing.
You are immune to petrification.
You are immune to rotting.


Message History

The orc wizard casts a spell at you. The magic dart hits you!
The orc wizard hits you but does no damage.
You hit the orc wizard but do no damage.
The orc wizard is almost dead.
The orc wizard gestures at you while chanting.
The magic dart hits you!
* * * LOW HITPOINT WARNING * * *
The orc wizard completely misses you.
You closely miss the orc wizard.
The orc wizard is severely wounded.
You feel yourself speed up. The orc wizard barely misses you.
The orc wizard hits you with a dagger.
* * * LOW HITPOINT WARNING * * *
You closely miss the orc wizard.
The orc wizard is severely wounded.
The orc wizard barely misses you.
The orc wizard gestures at you while chanting.
The magic dart hits you!
You die...

...... ......
#...%.# .......
#......# .......
#......#######
....... ......
...... .......###
.... ......
#.....o@.## #..#
......
##...##<..###..#
...... #.
##)...#..###......
#...##.......#......
....#.
##......#...... ...
## .##..#..####### .
.......).......
#.##...#.#..#### #.
#.#...##...##


You could see an orc wizard.

Vanquished Creatures
  Grinder (D:3)
  Robin (D:3)
  6 adders
  A worm (D:3)
  2 dart slugs (D:1)
  4 leopard geckos
  4 orcs
  A ball python (D:3)
  4 giant cockroaches
  7 hobgoblins
  8 jackals
  10 kobolds
  5 bats
  4 frilled lizards
  14 goblins
  9 rats
81 creatures vanquished.

Notes
Turn   | Place    | Note
-------+----------+-------------------------------------------
     0 | D:1      | Fang the Gargoyle Berserker began the quest for the Orb.
     0 | D:1      | Reached XP level 1. HP: 14/14 MP: 1/1
    88 | D:1      | Reached XP level 2. HP: 18/19 MP: 2/2
   268 | D:1      | Reached skill level 3 in Axes
   665 | D:1      | Reached XP level 3. HP: 22/24 MP: 3/3
  1022 | D:2      | Reached ** piety under Trog
  1201 | D:2      | Reached XP level 4. HP: 27/29 MP: 4/4
  1851 | D:3      | Noticed Grinder
  1865 | D:3      | Paralysed by Grinder for 2 turns
  1871 | D:3      | Killed Grinder
  1871 | D:3      | Reached skill level 5 in Axes
  1871 | D:3      | Reached XP level 5. HP: 3/34 MP: 5/5
  1871 | D:3      | Reached XP level 6. HP: 4/39 MP: 6/6
  2371 | D:3      | Noticed Robin
  2384 | D:3      | Killed Robin
  2521 | D:3      | Killed from afar by an orc wizard

Skill      XL: |  1  2  3  4 |
---------------+-------------+-----
Axes           | 3 5 |  5.3
Fighting       | 4 |  4.6
Dodging        | 2 |  2.7
Armour         | |  2.3
Stealth        | |  0.4

Action                   |  1- 3 |  4- 6 || total
-------------------------+-------+-------++-------
Melee: Hand axe          |   115 |   170 ||   285
Invok: Berserk           |     1 |     2 ||     3
  Eat: Chunk             |     2 |     6 ||     8
Armor: Animal skin       |    33 |    64 ||    97
Dodge: Dodged            |    77 |   126 ||   203
